 Dungeon Crawl Stone Soup version 0.30-a0-728-gc68057be0a (webtiles) character file.

Game seed: 7626997261419397289

384 DeathSun the Cudgeller (level 6, -11/51 HPs)
             Began as a Minotaur Fighter on Jan 30, 2023.
             Was an Initiate of the Shining One.
             Mangled by a gnoll
             ... wielding a +0 halberd
             ... led by a gnoll bouda
              (12 damage)
             ... on level 4 of the Dungeon.
             The game lasted 00:08:09 (3226 turns).

DeathSun the Cudgeller (Minotaur Fighter)           Turns: 3226, Time: 00:08:09

Health: -11/51     AC:  6    Str: 22    XL:     6   Next: 47%
Magic:  6/6        EV:  9    Int:  5    God:    the Shining One [......]
Gold:   191        SH:  4    Dex: 10    Spells: 5/5 levels left

rFire   . . .      SeeInvis .    a - +0 flail
rCold   . . .      Faith    .    c - +0 buckler
rNeg    . . .      Spirit   .    b - +0 scale mail
rPois   .          Reflect  .    (helmet restricted)
rElec   .          Harm     .    (no cloak)
rCorr   .          Rampage  .    (no gloves)
Will    .....                    (no boots) Stlth
                                 (no amulet)
HPRegen 0.28/turn                (no ring)
MPRegen 0.10/turn                (no ring)

@: weakened, glowing
A: horns 2, retaliatory headbutt
a: Renounce Religion


You were on level 4 of the Dungeon.
You worshipped the Shining One.
The Shining One was noncommittal.
You visited 2 branches of the dungeon, and saw 5 of its levels.

You collected 191 gold pieces.

Inventory:

Hand Weapons
 a - a +0 flail (weapon)
Armour
 b - a +0 scale mail (worn)
 c - a +0 buckler (worn)
Jewellery
 j - an amulet of reflection
 r - a ring of poison resistance
Wands
 s - a wand of charming (3)
Scrolls
 i - a scroll of fear {unknown}
 k - a scroll of enchant armour {unknown}
 l - a scroll of noise {unknown}
 n - a scroll of amnesia {unknown}
 q - a scroll of enchant weapon {unknown}
Potions
 d - a potion of might
 e - 5 potions of haste {unknown}
 f - 2 potions of lignification {unknown}
 g - a potion of brilliance {unknown}
 h - 3 potions of curing {unknown}
 m - a potion of attraction {unknown}
 o - 2 potions of mutation {unknown}
 p - a potion of magic {unknown}
 t - a potion of heal wounds {unknown}
 u - 2 potions of flight {unknown}


   Skills:
 - Level 3.6 Fighting
 * Level 7.7 Maces & Flails
 - Level 3.6 Armour
 - Level 3.6 Shields
 + Level 2.3 Invocations


You had 5 spell levels left.
You didn't know any spells.
Your spell library contained the following spells:

 Spells                   Type           Power      Damage    Failure   Level
 Ozocubu's Armour         Ice            0%         N/A       99%         3
 Metabolic Englaciation   Hex/Ice        0%         N/A       100%        5
 Simulacrum               Ice/Necr       0%         N/A       100%        6


Dungeon Overview and Level Annotations

Branches:
Dungeon (4/15)             Temple (1/1) D:4

Altars:
Ashenzari
Cheibriados
Dithmenos
Elyvilon
Fedhas
Gozag
Hepliaklqana
Kikubaaqudgha
Makhleb
Nemelex Xobeh
Ru
Sif Muna
Trog
Uskayaw
Vehumet
Wu Jian
Yredelemnul
The Shining One

Shops:
D:1 [   D:2 :


Innate Abilities, Weirdness & Mutations

You have a pair of horns on your head.
You reflexively headbutt those who attack you in melee.


Message History

The gnoll bouda barely misses you.
You barely miss the gnoll bouda.
The gnoll bouda is severely wounded.
The gnoll hits you from afar with a +0 halberd.
You block the gnoll's attack.
The gnoll bouda gazes fiercely through you!
You feel your attacks grow feeble. The gnoll bouda closely misses you.
You are too injured to fight recklessly!
You are too injured to fight recklessly!
You are too injured to fight recklessly!
You are too injured to fight recklessly!
You are too injured to fight recklessly!
You hit the gnoll bouda.
The gnoll bouda is almost dead.
The gnoll barely misses you. The gnoll hits you but does no damage.
The gnoll bouda gazes fiercely through you!
You feel as though you will be weak longer.
The gnoll bouda hits you with a +0 club!
* * * LOW HITPOINT WARNING * * *
You hit the gnoll bouda but do no damage.
Your headbutt misses the gnoll bouda.
The gnoll bouda is almost dead.
You block the gnoll's attack. The gnoll hits you with a +0 club.
* * * LOW HITPOINT WARNING * * *
The gnoll bouda gazes fiercely through you!
You feel as though you will be weak longer.
The gnoll bouda closely misses you. You furiously retaliate!
You headbutt the gnoll bouda.
You kill the gnoll bouda!
The Shining One accepts your kill. The gnoll hits you with a +0 halberd!
* * * LOW HITPOINT WARNING * * *
The gnoll barely misses you.
Things that are here:
a +0 club; a +0 robe You hit the gnoll.
Your headbutt misses the gnoll.
The gnoll is heavily wounded.
The gnoll hits you with a +0 halberd!
You die...

##...........#
#..###...###.
#.###8...8# ####.#
##†..## #....# #...#
##....# ##...## #.....#
#8...8# ## #.#####
##.g.## .#
#.#8###8##.)@# .#
#.........$..g...... .#
#..........⌠........
.####...................
.##...#8###8##...##8###8
.#...#########...####
....#####..##8...8
............##...#
..###...<..###...#


You could see 2 gnolls.

Vanquished Creatures
  An ogre (D:4)
  Jessica (D:2)
  A gnoll bouda (D:4)
  An iguana (D:4)
  2 gnolls (D:4)
  3 adders
  A worm (D:2)
  2 dart slugs
  5 orcs
  5 bats
  7 endoplasms
  2 giant cockroaches (D:1)
  4 hobgoblins
  10 jackals
  7 kobolds
  3 quokkas
  8 ball pythons
  A frilled lizard (D:3)
  5 goblins
  7 rats
76 creatures vanquished.

Vanquished Creatures (collateral kills)
  A scorpion (D:4)
  An iguana (D:4)
2 creatures vanquished.

Grand Total: 78 creatures vanquished

Notes
Turn   | Place    | Note
-------+----------+-------------------------------------------
     0 | D:1      | DeathSun the Minotaur Fighter began the quest for the Orb.
     0 | D:1      | Reached XP level 1. HP: 19/19 MP: 0/0
   175 | D:1      | Reached skill level 3 in Maces & Flails
   225 | D:1      | Reached XP level 2. HP: 22/26 MP: 1/1
   277 | D:1      | Found Jukytog's Antique Armour Shoppe.
   404 | D:1      | Reached skill level 4 in Maces & Flails
   977 | D:2      | Reached XP level 3. HP: 28/31 MP: 2/2
  1162 | D:2      | Found Noodiaca's Book Boutique.
  1234 | D:2      | Reached skill level 5 in Maces & Flails
  1268 | D:2      | Identified the +0 spear of Setet {drain, rC++}
  1378 | D:2      | Noticed Jessica
  1383 | D:2      | Killed Jessica
  1384 | D:2      | Reached XP level 4. HP: 23/39 MP: 3/3
  1540 | D:2      | You fall into a shaft and drop 1 floor!
  1791 | D:3      | Reached skill level 6 in Maces & Flails
  2022 | D:3      | Found a faded altar of an unknown god.
  2128 | D:3      | Prayed at the altar of an unknown god.
  2128 | D:3      | Became a worshipper of Elyvilon the Healer
  2128 | D:3      | Reached * piety under Elyvilon
  2244 | D:4      | Reached XP level 5. HP: 21/45 MP: 4/4
  2259 | D:4      | Noticed an ogre
  2274 | D:4      | Reached skill level 1 in Invocations
  2278 | D:4      | Reached skill level 7 in Maces & Flails
  2443 | D:4      | Killed an ogre
  2444 | D:4      | Reached XP level 6. HP: 51/51 MP: 6/6
  2494 | D:4      | Found a shadowy altar of Dithmenos.
  2636 | D:4      | Found a staircase to the Ecumenical Temple.
  2636 | D:4      | Reached ** piety under Elyvilon
  2801 | Temple   | Entered the Ecumenical Temple
  3090 | Temple   | Fell from the grace of Elyvilon
  3090 | Temple   | Became a worshipper of the Shining One
  3225 | D:4      | HP: 1/51 [gnoll/+0 halberd[a gnoll bouda] (10)]
  3226 | D:4      | Mangled by a gnoll

Illustrated notes

Levels and vault maps discovered:
D:1:      giann_wishing_wells, layout_basic, serial_shops,
          nicolae_shop_competitors_out_of_business
D:2:      layout_basic, serial_shops, nicolae_shop_stone,
          chequers_serial_rivers_small_3, uniq_jessica
D:3:      layout_basic, shapermc_ecumenical_altar_hornbeckon
D:4:      layout_rooms, nicolae_dithmenos_shadow_blocks,
          minmay_temple_entry_glassed_door, serial_corexii_hall,
          corexii_hall_statues_x, corexii_hall_statues_l,
          corexii_hall_statues_i, corexii_hall_statues_i
Temple:   nicolae_temple_bog_church

Skill      XL: |  1  2  3  4  5 |
---------------+----------------+-----
Maces & Flails | 3 4 5 6 7 |  7.7
Invocations    | 2 |  2.3
Fighting       | |  3.6
Armour         | |  3.6
Shields        | |  3.6

Action                     |  1- 3 |  4- 6 || total
---------------------------+-------+-------++-------
  Melee: Flail             |   104 |    72 ||   176
         Headbutt          |    10 |     5 ||    15
  Evoke: Wand              |       |     1 ||     1
    Use: Potion            |       |     1 ||     1
 Armour: Scale mail        |    65 |    23 ||    88
  Dodge: Dodged            |    67 |    35 ||   102
  Block: Buckler           |    26 |    17 ||    43

Table legend: (Time is in decaauts)
 A = Elapsed time spent in this place.
 B = Non-inter-level travel time spent in this place.
 C = Inter-level travel time spent in this place.
 D = Time resting spent in this place.
 E = Time spent auto-exploring this place.
 F = Levels seen in this place.
 G = Mean time per level.
                   A        B        C        D        E       F      G
               +--------+--------+--------+--------+--------+-----+--------+
         Total |   3285 |   3139 |    146 |      0 |   2516 |   5 |  657.0 |
       Dungeon |   2968 |   2836 |    132 |      0 |   2330 |   4 |  742.0 |
        Temple |    317 |    303 |     14 |      0 |    186 |   1 |  317.0 |
               +--------+--------+--------+--------+--------+-----+--------+

Top non-repeatable levels by time:
     D:1: 929 daAuts
     D:3: 765 daAuts
     D:2: 734 daAuts
     D:4: 539 daAuts
  Temple: 317 daAuts
